 Dungeon Crawl Stone Soup version 0.28-b1-70-g80dc712255 (webtiles) character file.

Game seed: 12211785052858111924

60 adizb the Chiller (level 3, -4/26 HPs)
             Began as a Demigod Ice Elementalist on Feb 3, 2022.
             Slain by a gnoll (9 damage)
             ... on level 2 of the Dungeon.
             The game lasted 00:08:47 (905 turns).

adizb the Chiller (Demigod Ice Elementalist)         Turns: 905, Time: 00:08:55

Health: -4/26      AC:  2    Str: 13    XL:     3   Next: 55%
Magic:  2/9        EV: 12    Int: 17    God:
Gold:   59         SH:  0    Dex: 14    Spells: 2/6 levels left

rFire   . . .      SeeInvis .   j - +0 quarterstaff
rCold   . . .      Faith    .   (shield currently unavailable)
rNeg    . . .      Spirit   .   a - +0 robe
rPois   .          Reflect  .   (no helmet)
rElec   .          Harm     .   (no cloak)
rCorr   .          Rampage  .   (no gloves)
Will    .....                   (no boots)
Stlth   ++........              (no amulet)
HPRegen 0.08/turn               (no ring)
MPRegen 0.11/turn               (no ring)

@: no status effects
A: high MP 1, forlorn, divine attributes
a: no special abilities


You were on level 2 of the Dungeon.
You visited 1 branch of the dungeon, and saw 2 of its levels.

You collected 59 gold pieces.

Inventory:

Hand Weapons
 j - a +0 quarterstaff (weapon)
Armour
 a - a +0 robe (worn)
Scrolls
 c - 3 scrolls of fog {unknown}
 e - a scroll of enchant weapon {unknown}
 g - 2 scrolls of teleportation {unknown}
 h - a scroll of magic mapping {unknown}
 i - a scroll of identify {unknown}
Potions
 b - a potion of attraction {unknown}
 d - a potion of magic {unknown}
 f - a potion of flight {unknown}


   Skills:
 + Level 0.3 Staves
 + Level 0.3 Armour
 + Level 2.5 Dodging
 - Level 1.7 Stealth
 + Level 2.4 Spellcasting
 + Level 4.1 Ice Magic


You had 2 spell levels left.
You knew the following spells:

 Your Spells              Type           Power      Damage    Failure   Level
a - Freeze                Ice            64%        1d8       3%          1
b - Frozen Ramparts       Ice            32%        1d5       11%         3

Your spell library contained the following spells:

 Spells                   Type           Power      Damage    Failure   Level
 Ozocubu's Armour         Ice            16%        N/A       11%         3
 Hailstorm                Conj/Ice       9%         3d4       63%         4


Dungeon Overview and Level Annotations

Branches:
Dungeon (2/15)


Innate Abilities, Weirdness & Mutations

You have an increased reservoir of magic. (+10% MP)
You shall have no god before yourself.
Your divine heritage dramatically boosts your attributes as you level up.


Message History

Confirm with . or Enter, or press ? or * to list all spells.
You don't know that spell.
Unknown command.
Casting: Frozen Ramparts (quite dangerous; 11% risk of failure)
Confirm with . or Enter, or press ? or * to list all spells.
You don't know that spell.
Casting: Frozen Ramparts (quite dangerous; 11% risk of failure)
Confirm with . or Enter, or press ? or * to list all spells.
The spell is quite dangerous to miscast (11% risk of failure)!
Continue anyway?
Casting: Frozen Ramparts (quite dangerous; 11% risk of failure)
Press: ? - help, Dir - look around, f - activate The walls around you are covered in ice.
The gnoll shouts!
The wall freezes the gnoll.
The wall freezes the gnoll.
The gnoll barely misses you.
The wall freezes the gnoll.
The gnoll barely misses you.
The wall freezes the gnoll.
You kill the gnoll!
The frozen ramparts melt away as you move.
The gnoll shouts!
You hit the gnoll.
The gnoll is lightly wounded.
The gnoll hits you with a +2 flail of holy wrath!
You hit the gnoll but do no damage.
The gnoll is lightly wounded.
The gnoll hits you with a +2 flail of holy wrath.
Aiming: Freeze (safe; 3% risk of failure)
Press: ? - help, Q - select action Shift-Dir - straight line, f - gnoll
Aim: a gnoll, wielding a +2 flail of holy wrath (lightly wounded)
You freeze the gnoll!
The gnoll is severely wounded.
The gnoll hits you with a +2 flail of holy wrath!
* * * LOW HITPOINT WARNING * * *
Aiming: Freeze (safe; 3% risk of failure)
Press: ? - help, Q - select action Shift-Dir - straight line, f/p - gnoll
Aim: a gnoll, wielding a +2 flail of holy wrath (severely wounded)
You freeze the gnoll.
The gnoll is severely wounded.
The gnoll hits you with a +2 flail of holy wrath!
You die...

...##.# #.##.#
##..#.# #.##.# .
#.#.# ..##.#
....# #.##.#
#.#.# #..##.#
###>...###...##.#
.gg.....#....##.#
########g######.#
#@######.#
#..).....#
##########


You could see a gnoll.

Vanquished Creatures
  2 gnolls (D:2)
  A dart slug (D:1)
  5 endoplasms (D:1)
  6 goblins (D:1)
  A hobgoblin (D:1)
  6 jackals (D:1)
  2 kobolds (D:1)
  2 quokkas
  A ball python (D:1)
  3 bats (D:1)
  3 frilled lizards
  4 rats (D:1)
36 creatures vanquished.

Notes
Turn   | Place    | Note
-------+----------+-------------------------------------------
     0 | D:1      | adizb the Demigod Ice Elementalist began the quest for the
                  | Orb.
     0 | D:1      | Reached XP level 1. HP: 14/14 MP: 5/5
   124 | D:1      | Reached XP level 2. HP: 11/20 MP: 4/7
   544 | D:1      | Reached skill level 4 in Ice Magic
   544 | D:1      | Reached XP level 3. HP: 24/26 MP: 6/9
   558 | D:1      | Learned a level 3 spell: Frozen Ramparts
   905 | D:2      | Slain by a gnoll

Illustrated notes

Levels and vault maps discovered:
D:1:      dpeg_arrival_pits, layout_basic
D:2:      layout_loops_ring, hellmonk_ecumenical_altar_defaced_shrine,
          hangedman_abyss_or_decor_lesser_grid

Skill      XL: |  1  2 |
---------------+-------+-----
Dodging        | 2 |  2.5
Spellcasting   | 2 |  2.4
Ice Magic      | 4 |  4.1
Staves         | |  0.3
Armour         | |  0.3
Stealth        | |  1.7

Action                   || total
-------------------------++-------
Melee: Dagger            ||    31
       Quarterstaff      ||     2
 Cast: Freeze            ||    40
       Frozen Ramparts   ||     4
 Stab: Sleeping          ||     2
Armor: Robe              ||    11
Dodge: Dodged            ||    39
